 Dungeon Crawl Stone Soup version 0.18.1-8-gdd0e5ea (webtiles) character file.

151 deorigin the Cudgeler (level 5, -1/54 HPs)
             Began as an Ogre Berserker on June 5, 2016.
             Was a Priest of Trog.
             Slain by an orc wizard
             ... wielding a +0 dagger
              (5 damage)
             ... on level 3 of the Dungeon.
             The game lasted 00:03:51 (1874 turns).

deorigin the Cudgeler (Ogre Berserker)              Turns: 1874, Time: 00:03:51

Health: -1/54      AC:  3    Str: 22    XL:     5   Next: 33%
Magic:  14/14      EV: 10    Int:  6    God:    Trog [***...]
Gold:   145        SH:  0    Dex: 10    Spells: 0 memorised, 4 levels left

rFire  . . .     SeeInvis .     m - +0 flail
rCold  . . .     Gourm    .     b - +0 animal skin
rNeg   . . .     Faith    .     (no shield)
rPois  .         Spirit   .     (helmet restricted)
rElec  .         Dismiss  .     (no cloak)
rCorr  .         Reflect  .     (gloves unavailable)
SustAt .         Harm     .     (boots unavailable)
MR     .....                    (no amulet)
Stlth  +.........               (no ring)
                                k - ring of magical power

@: exhausted, slowed, very slow, not resistant to hostile enchantments, very
unstealthy
A: unfitting armour, tough skin 1
a: Berserk, Trog's Hand, Burn Spellbooks, Renounce Religion


You were on level 3 of the Dungeon.
You worshipped Trog.
Trog was most pleased with you.
You were very hungry.

You visited 1 branch of the dungeon, and saw 3 of its levels.

You collected 145 gold pieces.

Inventory:

Hand Weapons
 a - a +0 mace
 m - a +0 flail (weapon)
Missiles
 l - 13 tomahawks (quivered)
Armour
 b - a +0 animal skin (worn)
Jewellery
 k - a ring of magical power (left hand)
Scrolls
 e - 2 scrolls of remove curse
 f - 3 scrolls of teleportation {unknown}
 g - a scroll of amnesia {unknown}
 h - 3 scrolls of identify {unknown}
Potions
 i - a potion of magic {unknown}
 n - 2 potions of lignification {unknown}
 o - a potion of haste {unknown}
Comestibles
 c - 3 bread rations
 d - a meat ration
 j - 8 chunks of flesh


   Skills:
 - Level 4.0 Fighting
 + Level 7.7 Maces & Flails
 - Level 2.6 Dodging


You had 4 spell levels left.
You didn't know any spells.

Dungeon Overview and Level Annotations

Branches:
Dungeon (3/15)

Altars:
Sif Muna


Innate Abilities, Weirdness & Mutations

You are too large for most types of armour.
You have tough skin (AC +1).


Message History

The puff of flame hits you!
* * * LOW HITPOINT WARNING * * *
You miss something. Something hits you.
* * * LOW HITPOINT WARNING * * *
You miss something. You completely miss something.
You hear some strange, mumbled words.
A puff of flame appears from out of thin air!
The puff of flame hits you!
* * * LOW HITPOINT WARNING * * *
You miss something.
You hear some strange, mumbled words.
Something tries to affect you, but you resist.
You barely miss something.
You are no longer berserk.
You are exhausted.
You feel yourself slow down.
You are feeling very hungry.
You closely miss something. Something hits you.
You die...

#......######
#............
#.....#.#####
#.....#.# #####
###.###.# .....
#.# #.# ##### #.#
#.#
##.###.#########.#
#......!.)@{{o...#
#.###..###########
#. #..# #. #..# #.
#..# .. #..# ##
#..# ...# ..#


You could see an orc.

Vanquished Creatures
  An orc priest (D:3)
  Jessica (D:2)
  2 adders
  2 giant geckos (D:3)
  8 orcs (D:3)
  A ball python (D:3)
  4 bats
  4 giant cockroaches (D:3)
  8 hobgoblins
  3 jackals (D:2)
  2 quokkas
  3 giant newts
  6 goblins
  13 kobolds
  6 rats
64 creatures vanquished.

Notes
Turn   | Place    | Note
--------------------------------------------------------------
     0 | D:1      | deorigin the Ogre Berserker began the quest for the Orb.
     0 | D:1      | Reached XP level 1. HP: 24/24 MP: 1/1
   290 | D:1      | Reached XP level 2. HP: 23/32 MP: 2/2
   604 | D:2      | Reached skill level 5 in Maces & Flails
   759 | D:2      | Reached XP level 3. HP: 37/39 MP: 3/3
  1059 | D:2      | Found a deep blue altar of Sif Muna.
  1164 | D:2      | Reached ** piety under Trog
  1203 | D:2      | Noticed Jessica
  1208 | D:2      | Killed Jessica
  1208 | D:2      | Reached skill level 6 in Maces & Flails
  1208 | D:2      | Reached XP level 4. HP: 47/48 MP: 4/4
  1607 | D:3      | Reached skill level 7 in Maces & Flails
  1820 | D:3      | Reached XP level 5. HP: 46/54 MP: 5/5
  1857 | D:3      | Reached *** piety under Trog
  1874 | D:3      | Slain by an orc wizard

Skill      XL: |  1  2  3  4 |
---------------+-------------+-----
Maces & Flails | 5 6 7 |  7.7
Fighting       | |  4.0
Dodging        | |  2.6

Action                   |  1- 3 |  4- 6 || total
-------------------------+-------+-------++-------
Melee: Mace              |    85 |       ||    85
       Flail             |    28 |   116 ||   144
Invok: Berserk           |       |     1 ||     1
  Use: Scroll            |     1 |       ||     1
  Eat: Chunk             |     1 |     2 ||     3
Armor: Animal skin       |    49 |    16 ||    65
Dodge: Dodged            |    75 |    47 ||   122
